 Dungeon Crawl Stone Soup version 0.30-a0-219-gf2db51d15e (webtiles) character file.

Game seed: 10057857221899258581

474422 Decritt the Maledictor (level 23, -4/113 (124) HPs)
             Began as a Spriggan Warper on Oct 6, 2022.
             Was the Champion of Dithmenos.
             Slain by a spriggan berserker
             ... wielding a +1 quarterstaff of draining
              (8 damage)
             ... on level 2 of the Depths.
             The game lasted 05:48:34 (69218 turns).

Decritt the Maledictor (Spriggan Warper)           Turns: 69218, Time: 05:48:34

HP:   -4/113 (124)  AC: 19    Str: 15    XL:     23   Next: 30%
MP:   0/47          EV: 39    Int: 19    God:    Dithmenos [******]
Gold: 220           SH:  0    Dex: 25    Spells: 23/60 levels left

rFire   + + .      SeeInvis +    o - +10 dagger "Tormentor" {venom, rF+ Str+4}
rCold   + + +      Faith    .    u - orb {guile}
rNeg    + . .      Spirit   +    P - +5 acid dragon scales of the Cuttlefish {rPois rCorr Str+4}
rPois   +          Reflect  .    e - +2 hat {Will+}
rElec   .          Harm     .    s - +2 cloak
rCorr   +          Rampage  .    (gloves unavailable)
Will    +++..                    (boots unavailable) Stlth ******++++
                                 U - amulet of Ovomeuji {Spirit Contam rC++ Int+4 Slay+5}
HPRegen 0.38/turn                a - ring "Raicir Zumu" {Fly rF- rC+ rN+ rCorr}
MPRegen 0.30/turn                Y - ring "Jaonurit" {rF++ rCorr}

@: flying, very slightly contaminated, slowed, wreathed by umbra, studying 2
skills, drained, quick
A: very small, no large weapons, unfitting armour, see invisible, speed 3
}: 3/15 runes: decaying, serpentine, silver
a: Renounce Religion, Shadow Step, Shadow Form


You were on level 2 of the Depths.
You worshipped Dithmenos.
Dithmenos was exalted by your worship.
You visited 9 branches of the dungeon, and saw 41 of its levels.
You also visited: Sewer, Ice Cave and Wizlab.

You collected 4993 gold pieces.
You spent 4773 gold pieces at shops.

Inventory:

Hand Weapons
 o - the +10 dagger "Tormentor" (weapon) {venom, rF+ Str+4}
   (You found it on level 3 of the Elven Halls)

   It poisons the flesh of those it strikes.
   Str:       It affects your strength (+4).
   rF:        It protects you from fire.
 F - a +3 quick blade of holy wrath
Missiles
 C - 7 throwing nets (quivered)
Armour
 e - a +2 hat of willpower (worn)
 f - a scarf of repulsion
 s - a +2 cloak (worn)
 u - an orb of guile (worn)
 J - a +2 buckler of cold resistance
 P - the +5 acid dragon scales of the Cuttlefish (worn) {rPois rCorr Str+4}
   (You bought it in a shop on level 2 of the Orcish Mines)

   Str:       It affects your strength (+4).
   rPois:     It protects you from poison.
   rCorr:     It protects you from acid and corrosion.
Jewellery
 a - the ring "Raicir Zumu" (left hand) {Fly rF- rC+ rN+ rCorr}
   (You bought it in a shop on level 4 of the Vaults)

   [ring of resist corrosion]

   rF:        It makes you vulnerable to fire.
   rC:        It protects you from cold.
   rN:        It protects you from negative energy.
   Fly:       It grants you flight.
   rCorr:     It protects you from acid and corrosion.
 w - a +6 ring of dexterity
 U - the amulet of Ovomeuji (around neck) {Spirit Contam rC++ Int+4 Slay+5}
   (You found it on level 2 of the Swamp)

   [amulet of guardian spirit]

   It causes incoming damage to be divided between your reserves of health and
   magic.
   Int:       It affects your intelligence (+4).
   Slay:      It affects your accuracy & damage with ranged weapons and melee
   (+5).
   rC:        It greatly protects you from cold.
   Contam:    It causes magical contamination when unequipped.
 Y - the ring "Jaonurit" (right hand) {rF++ rCorr}
   (You took it off a deep elf blademaster on level 3 of the Elven Halls)

   [ring of resist corrosion]

   rF:        It greatly protects you from fire.
   rCorr:     It protects you from acid and corrosion.
Wands
 k - a wand of acid (9)
 y - a wand of charming (20)
 D - a wand of mindburst (7)
 Q - a wand of digging (13)
 S - a wand of polymorph (7)
Scrolls
 c - 12 scrolls of teleportation
 g - 3 scrolls of silence
 h - 2 scrolls of torment
 j - 10 scrolls of amnesia
 q - 7 scrolls of fear
 G - 2 scrolls of magic mapping
 H - 4 scrolls of blinking
 I - 3 scrolls of summoning
 N - 2 scrolls of brand weapon
 O - 7 scrolls of immolation
 R - 5 scrolls of butterflies
 T - 4 scrolls of enchant armour
 V - 2 scrolls of poison
Potions
 b - 2 potions of ambrosia
 d - 3 potions of cancellation
 l - 12 potions of mutation
 m - 5 potions of heal wounds
 n - 7 potions of haste
 p - 3 potions of brilliance
 t - 6 potions of might
 x - 4 potions of magic
 z - 15 potions of curing
 B - 2 potions of invisibility
 E - 6 potions of flight
 L - 3 potions of resistance
Miscellaneous
 i - a piece from Xom's chessboard (15/15)
 r - a phantom mirror


   Skills:
 + Level 14.1 Fighting
 + Level 16.1 Short Blades
 - Level 1.0 Throwing
 + Level 9.6 Armour
 - Level 21.0 Dodging
 + Level 21.4 Stealth
 + Level 19.1 Spellcasting
 + Level 21.7 Hexes
 - Level 9.0 Translocations
 - Level 4.3 Transmutations
 - Level 2.0 Ice Magic
 - Level 12.2 Invocations
 - Level 4.2 Evocations


You had 23 spell levels left.
You knew the following spells:

 Your Spells              Type           Power      Damage    Failure   Level
a - Discord               Hex            39%        N/A       3%          8
b - Confusing Touch       Hex            79%        N/A       0%          3
c - Ensorcelled Hibernat  Hex/Ice        100%       N/A       1%          2
d - Enfeeble              Hex            39%        N/A       1%          7
e - Dazzling Flash        Conj/Hex       100%       N/A       1%          3
f - Cause Fear            Hex            39%        N/A       0%          4
g - Lesser Beckoning      Tloc           100%       N/A       1%          3
h - Slow                  Hex            100%       N/A       0%          1
i - Teleport Other        Tloc           51%        N/A       1%          3
p - Apportation           Tloc           100%       N/A       1%          1
z - Blink                 Tloc           100%       N/A       1%          2

Your spell library contained the following spells:

 Spells                   Type           Power      Damage    Failure   Level
 Tukima's Dance           Hex            79%        N/A       0%          3
 Sting                    Tmut/Pois      100%       1d8       1%          1
 Momentum Strike          Conj/Tloc      70%        3d9       1%          2
 Gell's Gravitas          Tloc           51%        N/A       1%          3
 Inner Flame              Hex/Fire       56%        N/A       1%          3
 Portal Projectile        Hex/Tloc       100%       N/A       1%          3
 Summon Guardian Golem    Hex/Summ       56%        N/A       1%          3
 Vhi's Electric Charge    Tloc/Air       70%        N/A       1%          3
 Anguish                  Hex/Necr       28%        N/A       1%          4
 Fulminant Prism          Conj/Hex       28%        3d14      1%          4
 Manifold Assault         Tloc           51%        N/A       1%          4
 Metabolic Englaciation   Hex/Ice        29%        N/A       1%          5
 Summon Mana Viper        Hex/Summ       56%        N/A       1%          5
 Passwall                 Tmut/Erth      21%        N/A       2%          2
 Foxfire                  Conj/Fire      72%        2x1d7     3%          1
 Magic Dart               Conj           72%        1d6       3%          1
 Shock                    Conj/Air       72%        1d7       3%          1
 Kindle Blastsparks       Fire/Tloc/Air  58%        2d14      3%          3
 Frozen Ramparts          Ice            50%        1d8       4%          3
 Ozocubu's Armour         Ice            25%        N/A       4%          3
 Spider Form              Tmut/Pois      26%        N/A       4%          3
 Cigotuvi's Dreadful Rot  Necr/Pois/Air  36%        N/A       6%          2
 Poisonous Vapours        Pois/Air       36%        N/A       6%          2
 Scorch                   Fire           36%        2d6       6%          2
 Sublimation of Blood     Necr           18%        N/A       6%          2
 Ignite Poison            Fire/Tmut/Pois 23%        N/A       6%          3
 Iskenderun's Mystic Bla  Conj/Tloc      35%        2d8       6%          4
 Hailstorm                Conj/Ice       21%        3d6       8%          3
 Ice Form                 Ice/Tmut       30%        N/A       11%         4
 Mephitic Cloud           Conj/Pois/Air  18%        N/A       12%         3
 Stone Arrow              Conj/Erth      36%        3d9       12%         3
 Swiftness                Air            18%        N/A       12%         3
 Vampiric Draining        Necr           18%        2d7       12%         3
 Dispersal                Tloc           25%        N/A       14%         6
 Summon Forest            Summ/Tloc      17%        N/A       17%         5
 Blade Hands              Tmut           17%        N/A       19%         5
 Summon Ice Beast         Ice/Summ       21%        N/A       26%         4
 Airstrike                Air            9%         2d(2-18)  36%         4
 Animate Armour           Summ/Erth      36%        N/A       36%         4
 Dispel Undead            Necr           18%        3d11      36%         4
 Flame Wave               Conj/Fire      18%        2d7       36%         4
 Olgreb's Toxic Radiance  Pois           18%        N/A       36%         4
 Sticky Flame             Conj/Fire      18%        2d4       36%         4
 Alistair's Intoxication  Tmut/Pois      17%        N/A       41%         5
 Irradiate                Conj/Tmut      13%        3d16      41%         5
 Freezing Cloud           Conj/Ice/Air   10%        6-21      63%         5
 Arcjolt                  Conj/Air       9%         1d19      71%         5
 Fireball                 Conj/Fire      9%         3d6       71%         5
 Iskenderun's Battlesphe  Conj           18%        2d7       71%         5
 Simulacrum               Ice/Necr       10%        N/A       98%         6
 Conjure Ball Lightning   Conj/Air       9%         3x3d6     99%         6
 Death Channel            Necr           9%         N/A       99%         6
 Iron Shot                Conj/Erth      9%         9d3       99%         6
 Starburst                Conj/Fire      9%         6d5       99%         6
 Summon Cactus Giant      Summ           9%         N/A       99%         6
 Dragon Form              Tmut           17%        N/A       99%         7
 Malign Gateway           Summ/Tloc      17%        N/A       99%         7
 Monstrous Menagerie      Summ           9%         N/A       100%        7
 Ozocubu's Refrigeration  Ice            12%        4d10      100%        7
 Spellforged Servitor     Conj/Summ      9%         N/A       100%        7
 Infestation              Necr           9%         N/A       100%        8
 Maxwell's Capacitive Co  Air            9%         ∞         100%        8
 Summon Horrible Things   Summ           9%         N/A       100%        8
 Dragon's Call            Summ           9%         N/A       100%        9
 Polar Vortex             Ice            12%        N/A       100%        9


Dungeon Overview and Level Annotations

Branches:
Dungeon (15/15)            Temple (1/1) D:7            Lair (5/5) D:11
  Swamp (4/4) Lair:2        Snake (4/4) Lair:2        Slime (0/5) Lair:4
    Orc (2/2) D:11            Elf (3/3) Orc:2        Vaults (5/5) D:13
  Crypt (0/3) Vaults:3     Depths (2/4) D:15          Sewer (visited)
  IceCv (visited)          WizLab (visited)

Altars:
Ashenzari
Cheibriados
Dithmenos
Elyvilon
Fedhas
Gozag
Kikubaaqudgha
Makhleb
Nemelex Xobeh
Okawaru
Qazlal
Ru
Sif Muna
Trog
Uskayaw
Wu Jian
Xom
Zin
The Shining One
Jiyva

Shops:
D:9 (   D:12 :[   Orc:2 **(   Elf:2 :   Snake:1 [[[   Snake:3 !?   Vaults:1 [
Vaults:4 :[:(=   Vaults:5 !   Depths:1 (?*

Portals:
Hell: Depths:1

Annotations:
D:9 3 transporters, 3 runed translucent doors, Dwachs's ghost, journeyman HuGl; NoOffense's ghost, novice GnBr; Tewichka's ghost, novice DEFE
D:12 1 runed translucent door, Essalna's ghost, journeyman AtBe
Snake:2 Roxanne


Innate Abilities, Weirdness & Mutations

You are very small and have problems with some larger weapons.
You are too small for most types of armour.
You have supernaturally acute eyesight. (SInv)
You cover ground extremely quickly. (Speed+++)


Message History

Blink to where?
Press: ? - help, Dir - move target
As you read the scroll of blinking, it crumbles to dust.
The spriggan rider hits the white ugly thing from afar with a +0 spear!!
A white ugly thing comes into view.
The spriggan rider hits the white ugly thing with a +0 spear!!
The white ugly thing gores the spriggan rider.
The white ugly thing freezes the spriggan rider!!
The spriggan rider dies!
The hornet dies!
A white ugly thing comes into view.
The white ugly thing gurgles horribly!
You feel much better.
The white ugly thing gurgles horribly!
The spriggan berserker rages.
The spriggan berserker misses you.
Casting: Discord (dangerous; 3% risk of failure)
Confirm with . or Enter, or press ? or * to list all spells.
You can't see any susceptible monsters within range! (Use Z to cast anyway.) Unknown command.
Casting: Discord (dangerous; 3% risk of failure)
Confirm with . or Enter, or press ? or * to list all spells.
You don't have enough magic to cast this spell.
Unknown command.
Casting: Discord (dangerous; 3% risk of failure)
Confirm with . or Enter, or press ? or * to list all spells.
Aiming: Slow (safe; 0% risk of failure)
Press: ? - help, Shift-Dir - straight line, f - spriggan berserker
Aim: a spriggan berserker, wielding a +1 quarterstaff of draining and wearing a +0 animal skin (berserk, umbra, chance to affect: 47%)
Okay, then.
Unknown command.
Okay, then.
As you read the scroll of fear, it crumbles to dust.
You assume a fearsome visage.
The white ugly thing looks frightened! x3
The spriggan berserker is unaffected.
The spriggan berserker completely misses you.
The spriggan berserker misses you.
The spriggan berserker hits you with a +1 quarterstaff of draining!!!
* * * LOW HITPOINT WARNING * * *
You emit a cloud of dark smoke.
You partially resist.
You feel drained.
You die...

#.§§§...........
#.§§§§§...u.....
#§§§§...<....>..
#§§§.....)...$..
#§§§..........u.
#........)......
#...............
#....§§i........
#..††.@§........
#....§#######...
#....# .. #...#
#... #.. #. #.


You could see a white ugly thing (fleeing) and a spriggan berserker (berserk).

Vanquished Creatures
  A dread lich (Vaults:5)
  Vv (Depths:2)
  Saint Roka (Vaults:2)
  Vashnia (Snake:2)
  2 golden dragons
  2 tentacled monstrosities
  Asterion (Vaults:2)
  3 titans
  2 quicksilver dragons (Vaults:5)
  3 sphinxes
  An ancient champion (Depths:1)
  6 tengu reavers
  A storm dragon (Vaults:5)
  3 shadow dragons (Vaults:5)
  Kirke (D:14)
  Agnes (Snake:2)
  3 nagarajas (Snake:4)
  A thorn hunter (Swamp:4)
  An azure jelly (Swamp:4)
  A fire giant (Vaults:5)
  Donald (Elf:3)
  6 vault wardens
  2 deep elf sorcerers
  2 frost giants
  Aizul (Snake:1)
  An orc warlord (Elf:2)
  3 deep elf elementalists (Elf:3)
  10 ironbound preservers
  5 very ugly things
  2 war gargoyles (Vaults:5)
  9 stone giants
  4 ironbound thunderhulks
  Nessos (Lair:3)
  A deep elf demonologist (Elf:3)
  6 eleionomae
  7 dire elephants
  2 deep elf annihilators
  3 bunyips
  4 deep elf death magi (Elf:3)
  5 ettins
  3 yaktaur captains
  2 shambling mangroves
  An entropy weaver (Vaults:1)
  3 deep elf high priests
  A great orb of eyes (Vaults:2)
  An entropy weaver (shapeshifter) (D:14)
  2 fire dragons (D:14)
  5 ice dragons
  A vault guard (Vaults:1)
  Harold (D:10)
  16 hydras
  3 ogre magi
  3 ironbound frosthearts
  A catoblepas (D:13)
  3 boulder beetles
  16 dancing weapons
  5 centaur warriors
  7 two-headed ogres
  10 anacondas
  19 naga warriors
  3 tengu warriors
  5 alligators
  A spriggan berserker (Depths:1)
  17 naga sharpshooters
  2 deep troll shamans (Depths:1)
  5 deep elf knights
  Sonja (Lair:2)
  A hell knight (Depths:1)
  7 shock serpents
  2 iron trolls (Depths:1)
  A titan skeleton (Vaults:4)
  8 skeletal warriors
  5 salamander mystics
  Lodul (D:13)
  2 goliath frogs
  4 swamp dragons
  A glowing orange brain (Vaults:4)
  11 deep trolls
  Pikel (D:6)
  2 spriggan druids (Swamp:4)
  8 ironbound convokers
  A bog body (IceCv)
  4 necromancers
  2 wizards
  2 deep elf archers (Elf:1)
  A harpy (shapeshifter) (D:14)
  6 naga ritualists
  A golden dragon skeleton (Depths:1)
  2 phantasmal warriors
  9 deep elf pyromancers
  12 deep elf zephyrmancers
  8 orc knights
  A shadow dragon skeleton (Vaults:3)
  2 manticores
  9 mana vipers
  5 orc sorcerers
  A tengu skeleton (Vaults:3)
  A sphinx skeleton (Vaults:3)
  4 cyclopes
  11 salamanders
  4 will-o-the-wisps
  A faun (shapeshifter) (Vaults:5)
  17 ugly things
  12 vault sentinels
  17 elephants
  A frost giant skeleton (Vaults:3)
  A fire giant skeleton (Depths:1)
  40 black mambas
  Joseph (D:7)
  21 naga magi
  9 guardian serpents
  3 centaur zombies (D:7)
  2 ice statues (IceCv)
  A torpor snail (Lair:5)
  8 cane toads
  2 unseen horrors
  A centaur skeleton (D:7)
  9 komodo dragons
  A redback zombie (D:7)
  7 rime drakes
  9 ice devils
  2 tengu conjurers (D:15)
  7 freezing wraiths
  A spriggan skeleton (Depths:1)
  An efreet (D:14)
  9 yaktaurs
  An anaconda simulacrum (IceCv)
  A kobold demonologist (D:11)
  A hellwing (D:8)
  2 yaktaur skeletons (Vaults:3)
  6 tyrant leeches
  An elf skeleton (Vaults:3)
  3 trolls
  21 hornets
  10 polar bears
  4 saltlings (Orc:2)
  A wolf spider simulacrum (D:15)
  A hornet (shapeshifter) (Vaults:5)
  A tengu simulacrum (Vaults:4)
  5 blink frogs
  3 meliai (D:15)
  33 slime creatures
  A fire giant simulacrum (Vaults:4)
  A dream sheep (shapeshifter) (Vaults:5)
  8 dream sheep
  A meliai zombie (D:7)
  Prince Ribbit (Lair:2)
  A spriggan (shapeshifter) (D:14)
  25 spriggans
  2 vampires
  2 ettin skeletons (Vaults:3)
  2 shadows (D:11)
  4 air elementals
  5 hogs
  62 yaks
  3 basilisks
  2 wraiths
  4 fire elementals
  6 dire elephant simulacra (IceCv)
  6 wyverns
  Grum (D:11)
  A yaktaur simulacrum (Vaults:4)
  2 steam dragons
  8 vampire mosquitoes
  4 swamp worm simulacra (Swamp:4)
  3 wargs
  3 large abominations (Elf:3)
  Edmund (D:4)
  17 swamp worms
  A harpy simulacrum (IceCv)
  18 hydra simulacra
  20 water moccasins
  3 acid dragons
  56 nagas
  A glowing shapeshifter skeleton (Vaults:4)
  A floating eye (shapeshifter) (Depths:1)
  Duvessa (D:5)
  3 ice beasts
  16 orc warriors
  6 black bears
  A sky beast (D:6)
  5 swamp drakes
  14 ogres
  31 wolves
  11 centaurs
  4 boggarts (Lair:5)
  4 lemures
  A phantom (D:6)
  2 kobold brigands
  An elf zombie (Elf:3)
  2 gnoll sergeants
  16 bullfrogs
  A cane toad simulacrum (IceCv)
  An earth elemental (Elf:1)
  4 human skeletons (Vaults:3)
  Dowan (D:5)
  4 wights (D:8)
  An elephant simulacrum (IceCv)
  18 killer bees
  5 howler monkeys
  3 hounds
  8 orc priests
  2 gnoll boudas
  3 jellies (Lair:4)
  8 orc wizards
  A hell rat (Sewer)
  A spriggan simulacrum (IceCv)
  17 gnolls
  5 adders
  A naga simulacrum (IceCv)
  3 river rats
  4 shadow imps (D:7)
  A white imp (D:7)
  3 ufetubi
  4 swamp drake simulacra (Swamp:4)
  3 worms
  The ghost of anet the Covert, a weakling GnDe (D:4)
  5 dart slugs
  36 orcs
  2 bats
  7 endoplasms
  2 giant cockroaches
  2 goblins
  7 hobgoblins
  3 jackals (D:4)
  16 kobolds
  3 quokkas
  5 ball pythons
  A frilled lizard (D:1)
  11 rats
1262 creatures vanquished.

Vanquished Creatures (collateral kills)
  A golden dragon (Vaults:5)
  A deep elf blademaster (Elf:3)
  A titan (Vaults:5)
  A deep elf master archer (Elf:3)
  3 storm dragons (Vaults:3)
  A tengu reaver (Vaults:5)
  2 shadow dragons (Vaults:5)
  4 deep elf sorcerers
  A frost giant (Elf:2)
  7 vault wardens
  4 deep elf elementalists (Elf:3)
  13 ironbound preservers
  A war gargoyle (Vaults:5)
  A stone giant (Depths:1)
  8 very ugly things
  An ironbound thunderhulk (Vaults:1)
  6 dire elephants
  A minotaur (Elf:2)
  2 spark wasps (Depths:1)
  4 deep elf annihilators
  An orange crystal statue (WizLab)
  A merfolk impaler (Elf:2)
  3 deep elf death magi (Elf:3)
  2 ettins
  A great orb of eyes (Vaults:2)
  8 yaktaur captains
  A rakshasa (Depths:1)
  Fannar (D:11)
  3 deep elf high priests
  26 vault guards
  An ironbound frostheart (Vaults:4)
  An ogre mage (Vaults:5)
  A peacekeeper (Vaults:3)
  A dancing weapon (Elf:2)
  7 centaur warriors
  A satyr (shapeshifter) (Vaults:5)
  A deep troll shaman (Depths:1)
  4 hell knights
  A vampire mage (Depths:2)
  An orc high priest (Orc:2)
  6 deep elf knights
  A spriggan (Depths:2)
  A shadow wraith (Vaults:5)
  An iron troll (Depths:1)
  38 deep trolls
  A flayed ghost (Depths:2)
  4 deep elf archers
  2 necromancers (Depths:1)
  4 wizards
  7 deep elf zephyrmancers
  2 phantasmal warriors (Vaults:5)
  A harpy (Vaults:1)
  A lindwurm (Vaults:2)
  8 deep elf pyromancers
  6 ironbound convokers
  8 orc knights
  12 ugly things
  A manticore (shapeshifter) (Vaults:5)
  A guardian serpent (shapeshifter) (Vaults:3)
  2 vault sentinels
  26 yaktaurs
  2 trolls
  A hornet (Depths:2)
  17 slime creatures
  An air elemental (Elf:2)
  A large abomination (Elf:3)
  A warg (Orc:2)
  A floating eye (shapeshifter) (Vaults:5)
  20 orc warriors
  2 ogres
  A kobold brigand (D:11)
  An elf zombie (Elf:3)
  A human skeleton (Vaults:3)
  A gnoll bouda (Orc:1)
  10 orc priests
  15 orc wizards
  A gnoll (Orc:1)
  47 orcs
  3 kobolds (D:11)
388 creatures vanquished.

Vanquished Creatures (others)
  A deep elf blademaster (Elf:3)
  A deep elf master archer (Elf:3)
  The ghost of LetschGu the Bewitcher, an adept VSEn of Ashenzari (Elf:2)
  2 vault wardens
  A deep elf elementalist (Elf:3)
  An ironbound preserver (Vaults:4)
  3 very ugly things
  A deep elf annihilator (Elf:3)
  A minotaur (Elf:2)
  3 deep elf high priests
  A deep elf death mage (Elf:3)
  A merfolk javelineer (Elf:2)
  An entropy weaver (Vaults:4)
  A fire dragon (Depths:2)
  An alligator (Swamp:4)
  A centaur warrior (Vaults:1)
  A deep troll shaman (Depths:1)
  A spriggan (Depths:2)
  A skeletal warrior (Vaults:3)
  A swamp dragon (Swamp:4)
  3 deep trolls
  An ironbound convoker (Vaults:4)
  3 deep elf archers (Elf:2)
  2 wizards
  3 deep elf pyromancers
  2 deep elf zephyrmancers
  A necromancer (Vaults:4)
  3 ugly things
  A will-o-the-wisp (Swamp:4)
  3 bloated husks
  A hornet (Depths:2)
  An orc warrior (Vaults:5)
  An orc wizard (D:6)
  A gnoll (D:13)
  An orc (Orc:2)
  25 foxfires
  42 fungi
  107 plants
  21 withered plants
247 creatures vanquished.

Grand Total: 1897 creatures vanquished

Notes
Turn   | Place    | Note
-------+----------+-------------------------------------------
     0 | D:1      | Decritt the Spriggan Warper began the quest for the Orb.
     0 | D:1      | Reached XP level 1. HP: 10/10 MP: 5/5
   626 | D:1      | Reached skill level 1 in Stealth
   989 | D:2      | Reached XP level 2. HP: 8/15 MP: 6/6
  1225 | D:2      | You fall into a shaft and drop 1 floor!
  1243 | D:3      | Learned a level 2 spell: Blink
  1653 | D:2      | Found a faded altar of an unknown god.
  1845 | D:3      | Found a shimmering blue altar of Sif Muna.
  2019 | D:3      | Identified a scroll of acquirement
  2020 | D:3      | Acquired an amulet of guardian spirit
  2280 | D:3      | Noticed a +0 falchion
  2280 | D:3      | Noticed a +0 dagger
  2280 | D:3      | Noticed a +0 short sword
  2281 | D:3      | Noticed a +0 dagger
  2281 | D:3      | Noticed a +0 falchion
  2282 | D:3      | Noticed a +0 spear
  2282 | D:3      | Noticed a +0 spear
  2283 | D:3      | Noticed a +0 short sword
  2297 | D:3      | Reached XP level 3. HP: 17/18 MP: 6/8
  2451 | D:3      | Found a snail-covered altar of Cheibriados.
  2541 | D:3      | Reached skill level 5 in Translocations
  2541 | D:3      | Reached XP level 4. HP: 15/23 MP: 5/9
  2733 | D:3      | Found a hide-covered altar of Uskayaw.
  3191 | D:4      | Noticed a necrophage
  3194 | D:4      | Noticed Edmund
  3314 | D:4      | Found a runed translucent gate.
  3314 | D:4      | Found a runed translucent gate.
  3314 | D:4      | Found a runed translucent gate.
  3314 | D:4      | Noticed a kobold brigand
  3314 | D:4      | Noticed anet's ghost (weakling GnDe)
  3394 | D:4      | Found a glowing drain.
  3497 | D:4      | Killed Edmund
  3498 | D:4      | Reached skill level 1 in Hexes
  3498 | D:4      | Reached XP level 5. HP: 23/27 MP: 7/10
  3582 | Sewer    | Entered a sewer
  3874 | Sewer    | HP: 1/27 [hell rat (4)]
  3879 | Sewer    | Reached XP level 6. HP: 2/32 MP: 0/11
  4941 | D:5      | Entered Level 5 of the Dungeon
  4989 | D:5      | Noticed Duvessa
  4990 | D:5      | Noticed Dowan
  5025 | D:5      | Found a white marble altar of Elyvilon.
  5028 | D:5      | Found a burning altar of Makhleb.
  5251 | D:5      | Found a blossoming altar of Fedhas.
  5285 | D:5      | Noticed a water moccasin
  5365 | D:5      | Killed a water moccasin
  5366 | D:5      | Reached skill level 5 in Stealth
  5673 | D:5      | Reached XP level 7. HP: 36/36 MP: 13/13
  5676 | D:5      | Learned a level 2 spell: Ensorcelled Hibernation
  7302 | D:7      | Noticed Pikel
  7364 | D:7      | Found a staircase to the Ecumenical Temple.
  7373 | Temple   | Entered the Ecumenical Temple
  7499 | Temple   | Became a worshipper of Dithmenos the Shadowed
  7527 | D:7      | Reached skill level 5 in Short Blades
  7532 | D:7      | Found a stormy altar of Qazlal.
  7534 | D:7      | Noticed a fire elemental
  7534 | D:7      | Noticed Joseph
  7535 | D:7      | Noticed an air elemental
  7535 | D:7      | Noticed a water elemental
  8951 | D:7      | Noticed a wyvern
  8951 | D:7      | Noticed a steam dragon
  9085 | D:7      | Reached XP level 8. HP: 34/40 MP: 8/15
  9617 | D:6      | Killed Pikel
  9618 | D:6      | Reached skill level 5 in Dodging
  9618 | D:6      | Reached skill level 5 in Hexes
 10538 | D:7      | Reached XP level 9. HP: 46/46 MP: 14/16
 10597 | D:7      | Noticed a hellwing
 10758 | D:7      | Noticed a hellwing
 11522 | D:7      | Reached skill level 5 in Spellcasting
 11571 | D:7      | Found a glowing golden altar of the Shining One.
 11893 | D:8      | Reached skill level 5 in Fighting
 11976 | D:8      | Learned a level 3 spell: Lesser Beckoning
 11980 | D:8      | Learned a level 3 spell: Teleport Other
 11985 | D:8      | Learned a level 4 spell: Cause Fear
 13005 | D:8      | Reached * piety under Dithmenos
 13255 | D:8      | Reached XP level 10. HP: 29/51 MP: 13/19
 15404 | D:7      | Killed Joseph
 15673 | D:5      | Killed Duvessa
 15961 | D:5      | Found a blossoming altar of Fedhas.
 16038 | D:5      | Killed Dowan
 16148 | D:5      | Found a white marble altar of Elyvilon.
 16148 | D:5      | Found a burning altar of Makhleb.
 16709 | D:4      | Killed anet's ghost
 17114 | D:9      | Found a shimmering altar of Xom.
 17302 | D:9      | Found a transporter.
 17311 | D:9      | Found a transporter.
 17340 | D:9      | Reached ** piety under Dithmenos
 17596 | D:9      | Reached XP level 11. HP: 58/58 MP: 18/21
 17793 | D:9      | Found Jeqal's Weapon Shoppe.
 17861 | D:9      | Found a runed translucent gate.
 17861 | D:9      | Found a runed translucent gate.
 17861 | D:9      | Found a runed translucent gate.
 17866 | D:9      | Noticed Tewichka's ghost (novice DEFE)
 17866 | D:9      | Noticed Dwachs's ghost (journeyman HuGl)
 17867 | D:9      | Noticed NoOffense's ghost (novice GnBr)
 18161 | D:9      | Noticed a boulder beetle
 18169 | D:9      | Killed a boulder beetle
 18311 | D:9      | Found a transporter.
 18319 | D:9      | Found a transporter.
 18373 | D:9      | Reached skill level 10 in Dodging
 18373 | D:9      | Reached skill level 1 in Ice Magic
 18376 | D:9      | Reached skill level 10 in Stealth
 18508 | D:10     | Entered Level 10 of the Dungeon
 18635 | D:10     | Noticed Harold
 18637 | D:10     | Found a sparkling altar of Nemelex Xobeh.
 18698 | D:10     | Killed Harold
 19238 | D:10     | Found an iron altar of Okawaru.
 19525 | D:11     | Reached *** piety under Dithmenos
 19640 | D:11     | Found a staircase to the Lair.
 19918 | D:11     | Found a staircase to the Orcish Mines.
 19919 | D:11     | Noticed Grum
 19958 | D:11     | Killed Grum
 19969 | D:11     | Noticed Fannar
 19977 | D:11     | Killed Fannar
 20096 | D:11     | Noticed a purple ugly thing
 20107 | D:11     | Noticed a brown ugly thing
 20542 | D:9      | Bought the +4 short sword of Crusades {pain, *Corrode rC+
                  | Int+7} for 657 gold pieces
 20586 | D:11     | Killed a brown ugly thing
 20587 | D:11     | Reached skill level 10 in Hexes
 21012 | D:10     | Killed a purple ugly thing
 21017 | D:10     | Reached skill level 10 in Short Blades
 21080 | D:10     | Reached XP level 12. HP: 54/63 MP: 14/24
 21367 | D:12     | Found Suigyofeong's Book Boutique.
 21476 | D:12     | Found a runed translucent door.
 21479 | D:12     | Noticed Essalna's ghost (journeyman AtBe)
 21480 | D:12     | Identified the +10 trident of the Equinox {venom, rCorr
                  | Str-4 Int-5 Dex+8}
 21510 | D:12     | Reached **** piety under Dithmenos
 21712 | D:12     | Noticed an ice dragon
 21900 | D:11     | Learned a level 2 spell: Ensorcelled Hibernation
 21913 | D:12     | Identified the +9 battleaxe of Royalism {freeze, rPois}
 22223 | D:12     | Found Coan's Armour Emporium.
 22787 | D:13     | Noticed Lodul
 22832 | D:13     | Killed Lodul
 23136 | D:13     | Noticed a centaur warrior
 23143 | D:13     | Killed a centaur warrior
 23163 | D:13     | Noticed a centaur warrior
 23201 | D:13     | Noticed a catoblepas
 23208 | D:13     | Killed a catoblepas
 23245 | D:13     | Found a snail-covered altar of Cheibriados.
 23312 | D:13     | Noticed an ironbound preserver
 23321 | D:13     | Killed a centaur warrior
 23323 | D:13     | Killed an ironbound preserver
 23324 | D:13     | Reached skill level 1 in Invocations
 23458 | D:13     | Found a gate to the Vaults.
 23915 | D:12     | Bought a book of Debilitation for 240 gold pieces
 23918 | D:12     | Learned a level 1 spell: Slow
 23922 | D:12     | Learned a level 3 spell: Confusing Touch
 24289 | D:14     | Noticed an entropy weaver
 24304 | D:14     | Killed an entropy weaver
 24305 | D:14     | Reached XP level 13. HP: 69/69 MP: 21/26
 24378 | D:14     | Noticed Kirke
 24569 | D:14     | Killed Kirke
 24777 | D:14     | Found a white marble altar of Elyvilon.
 25193 | D:14     | Found a glowing golden altar of the Shining One.
 25194 | D:14     | Found a glowing silver altar of Zin.
 25266 | D:14     | Noticed a fire dragon
 25281 | D:14     | Reached ***** piety under Dithmenos
 25286 | D:14     | Killed a fire dragon
 25308 | D:14     | Noticed a fire dragon
 25311 | D:14     | Killed a fire dragon
 25365 | D:15     | Entered Level 15 of the Dungeon
 25426 | D:15     | Found a staircase to the Depths.
 25426 | D:15     | Noticed a stone giant
 25430 | D:15     | Killed a stone giant
 25915 | D:15     | Reached XP level 14. HP: 75/75 MP: 25/28
 26161 | D:15     | Reached skill level 5 in Invocations
 26927 | Lair:1   | Entered Level 1 of the Lair of Beasts
 27110 | D:12     | Bought a +2 robe of willpower for 265 gold pieces
 27413 | Lair:1   | Reached skill level 10 in Spellcasting
 27589 | Lair:1   | Identified the +4 mace of the Sea {drain, Str+3}
 28338 | Lair:2   | Noticed Sonja
 28361 | Lair:2   | Killed Sonja
 28362 | Lair:2   | Reached skill level 15 in Stealth
 28921 | Lair:2   | Found a staircase to the Snake Pit.
 28997 | Lair:2   | Noticed Prince Ribbit
 29006 | Lair:2   | Killed Prince Ribbit
 29063 | Lair:2   | Found a staircase to the Swamp.
 29265 | Lair:2   | Reached ****** piety under Dithmenos
 29717 | Lair:3   | Noticed Nessos
 29726 | Lair:3   | Killed Nessos
 29817 | Lair:3   | Found a snail-covered altar of Cheibriados.
 29831 | Lair:3   | Found a frozen archway.
 29843 | IceCv    | Entered an ice cave
 32216 | Lair:3   | Reached XP level 15. HP: 79/79 MP: 30/30
 32758 | Lair:4   | Found a viscous altar of Jiyva.
 32759 | Lair:4   | Found a staircase to the Slime Pits.
 33180 | Lair:5   | Entered Level 5 of the Lair of Beasts
 33452 | Lair:5   | Reached skill level 15 in Dodging
 34369 | Lair:5   | Reached skill level 10 in Fighting
 34485 | Lair:5   | Identified the +2 leather armour "Bosut" {rF+ Str+2 Stlth+}
 34496 | Lair:5   | Got the Atlas of Hexes
 35328 | Snake:1  | Entered Level 1 of the Snake Pit
 35389 | Snake:1  | Found Raaduy's Armour Boutique.
 35654 | Snake:1  | Found Estoorog's Armour Shoppe.
 35687 | Snake:1  | Noticed Aizul
 35692 | Snake:1  | Killed Aizul
 35803 | Snake:1  | Found Efroack's Antique Armour Boutique.
 36094 | Snake:1  | Identified the +6 chain mail of the Robin {Rampage rPois
                  | Will- Int-4}
 36806 | Snake:2  | Reached skill level 15 in Hexes
 36978 | Snake:2  | Reached XP level 16. HP: 72/85 MP: 23/33
 37326 | Snake:2  | Noticed Vashnia
 38174 | Snake:2  | Identified the +7 chain mail of the Equator {rF+}
 38766 | Snake:2  | Noticed Agnes
 38773 | Snake:2  | Killed Agnes
 39031 | Snake:2  | Killed Vashnia
 39145 | Snake:2  | Noticed Roxanne
 39486 | Snake:3  | Identified the +8 ring mail "Yniarob" {rElec Will- SInv}
 40046 | Snake:3  | Found Lecluf's Magic Scroll Shoppe.
 40054 | Snake:3  | Bought a scroll of teleportation for 33 gold pieces
 40069 | Snake:3  | Found Sioxays's Distillery.
 40076 | Snake:3  | Bought a potion of cancellation for 120 gold pieces
 40076 | Snake:3  | Bought a potion of curing for 45 gold pieces
 40076 | Snake:3  | Bought a potion of heal wounds for 75 gold pieces
 40076 | Snake:3  | Bought a potion of curing for 45 gold pieces
 40076 | Snake:3  | Bought a potion of curing for 45 gold pieces
 40076 | Snake:3  | Bought a potion of resistance for 150 gold pieces
 40666 | Snake:4  | Entered Level 4 of the Snake Pit
 41729 | Snake:4  | Reached XP level 17. HP: 89/89 MP: 29/35
 42427 | Snake:4  | Learned a level 8 spell: Discord
 43091 | Snake:4  | Got a serpentine rune of Zot
 43341 | Swamp:1  | Entered Level 1 of the Swamp
 44967 | Swamp:2  | Reached skill level 15 in Spellcasting
 45152 | Swamp:2  | Identified the amulet of Ovomeuji {Spirit Contam rC++ Int+4
                  | Slay+5}
 45900 | Orc:1    | Entered Level 1 of the Orcish Mines
 45966 | Orc:1    | Found a dark tunnel.
 45993 | Orc:2    | Entered Level 2 of the Orcish Mines
 46191 | Orc:2    | Found a staircase to the Elven Halls.
 46699 | Orc:2    | Found Xuptuoma's Assorted Antiques.
 46701 | Orc:2    | Found Hoats's General Store.
 46762 | Orc:2    | Bought a scroll of magic mapping for 90 gold pieces
 46762 | Orc:2    | Bought a scroll of magic mapping for 90 gold pieces
 46762 | Orc:2    | Bought a potion of resistance for 120 gold pieces
 46785 | Orc:2    | Found Qiba's Weapon Emporium.
 47046 | Orc:2    | Found Divverel's Assorted Antiques.
 47892 | Elf:1    | Entered Level 1 of the Elven Halls
 48046 | Elf:1    | Reached XP level 18. HP: 95/95 MP: 38/38
 48320 | Elf:1    | Paralysed by an air elemental for 1 turns
 48851 | Elf:2    | Found a runed translucent gate.
 48851 | Elf:2    | Found a runed translucent gate.
 48851 | Elf:2    | Found a runed translucent gate.
 50012 | Vaults:1 | Entered Level 1 of the Vaults
 50012 | Vaults:1 | Found Ipnigg's Armour Shoppe.
 50922 | Vaults:1 | Identified the +1 helmet of the Vacuum {rC+}
 51918 | Vaults:2 | Reached skill level 10 in Invocations
 51924 | Vaults:2 | Reached skill level 15 in Short Blades
 52403 | Vaults:2 | Noticed Saint Roka
 52444 | Vaults:2 | Killed Saint Roka
 52674 | Vaults:2 | Reached XP level 19. HP: 101/101 MP: 22/40
 52680 | Vaults:2 | Noticed Asterion
 52690 | Vaults:2 | Killed Asterion
 53892 | Orc:2    | Bought jade-encrusted acid dragon scales for 1350 gold
                  | pieces
 53892 | Orc:2    | Identified the +5 acid dragon scales of the Cuttlefish
                  | {rPois rCorr Str+4} (You bought it in a shop on level 2 of
                  | the Orcish Mines)
 54470 | Vaults:3 | Reached skill level 1 in Armour
 54478 | Vaults:3 | Found a staircase to the Crypt.
 54832 | Vaults:3 | Found the +5 glaive of the Guard {elec, spectral, AC+5}
 56717 | Vaults:4 | Identified the +11 long sword of the Supporting Fulmar
                  | {holy, rF+}
 56724 | Vaults:4 | Found Juomnovi's Book Shoppe.
 56826 | Vaults:4 | Found Kubeud's Book Shoppe.
 56866 | Vaults:4 | Reached XP level 20. HP: 107/107 MP: 18/41
 56934 | Vaults:4 | Found Tuuset's Jewellery Shop.
 57183 | Vaults:4 | Reached skill level 5 in Armour
 57485 | Vaults:4 | Found Rotugaz's Armour Shop.
 57841 | Vaults:4 | Noticed a golden dragon
 57926 | Vaults:4 | Killed a golden dragon
 58066 | Vaults:4 | Found Usaorit's Antique Weapon Emporium.
 58304 | Vaults:5 | Entered Level 5 of the Vaults
 58304 | Vaults:5 | Noticed a golden dragon
 58351 | Vaults:5 | Killed a golden dragon
 59649 | Vaults:5 | Found the +2 hat of the Bear Spirit {Spirit, *Rage Will++}
 59739 | Vaults:5 | Reached skill level 1 in Evocations
 59906 | Vaults:5 | Noticed a dread lich
 59911 | Vaults:5 | Killed a dread lich
 59912 | Vaults:5 | Reached XP level 21. HP: 113/113 MP: 43/43
 59997 | Vaults:5 | Noticed a golden dragon
 60013 | Vaults:5 | Killed a golden dragon
 60061 | Vaults:5 | Got the Exposition on Graupel and Charms
 60070 | Vaults:5 | Got the Discursus on Inconstant Heat
 60183 | Vaults:5 | Got a silver rune of Zot
 60190 | Vaults:5 | Identified the +2 chain mail of Inti {rPois rF+ Regen+}
                  | (You took it off an orc warrior on level 5 of the Vaults)
 60553 | Vaults:5 | Found Tuodoitu's Distillery.
 60674 | Vaults:5 | Identified the +4 shortbow of Naiplel {vorpal, rN+ MP+9}
 60690 | Vaults:5 | Identified the +0 chain mail of Myloequ {Str+3}
 60740 | Vaults:5 | Bought 2 potions of heal wounds for 100 gold pieces
 60932 | Vaults:5 | Identified the +2 halberd of Raugymem {vamp, *Noise rF+ rC+
                  | Dex+3}
 61181 | Vaults:5 | Acquired a book of Party Tricks
 61187 | Vaults:5 | Learned a level 1 spell: Apportation
 61686 | Elf:2    | Reached skill level 1 in Transmutations
 61854 | Elf:2    | Found Jaasun's Self-Improvement Boutique.
 61856 | Elf:2    | Found a runed translucent gate.
 61856 | Elf:2    | Found a runed translucent gate.
 61858 | Elf:2    | Found a runed translucent gate.
 61873 | Elf:2    | Identified the +5 ring mail "Tuir Xuwn" {rC+ Str+2}
 61893 | Elf:2    | Noticed LetschGu's ghost (adept VSEn)
 61908 | Elf:2    | Found an iron altar of Okawaru.
 61930 | Elf:2    | Killed LetschGu's ghost
 62081 | Elf:2    | Bought a manual of Armour for 800 gold pieces
 62204 | Elf:3    | Entered Level 3 of the Elven Halls
 62291 | Elf:3    | Found a magical portal.
 62315 | WizLab   | Entered Wucad Mu's Monastery
 62662 | WizLab   | Found the +9 staff of Wucad Mu {*channel}
 62869 | WizLab   | Reached XP level 22. HP: 119/119 MP: 44/44
 62948 | Elf:3    | Noticed Donald
 62951 | Elf:3    | Killed Donald
 63149 | Elf:3    | Got Zihued's Spellbook of Malignant Magic
 63252 | Elf:3    | Got the Folio of Outbursts
 63811 | Elf:3    | Identified the ring "Jaonurit" {rF++ rCorr}
 63904 | Elf:3    | Identified the +2 robe of Yqyzy {+Blink rPois Will+}
 64006 | Elf:3    | Got the Secrets of the Three Xeniums
 64100 | Elf:3    | Identified the +6 broad axe "Ykkuluotah" {venom, Str+2}
 64108 | Elf:3    | Identified the +10 dagger "Tormentor" {venom, rF+ Str+4}
 64123 | Elf:3    | Identified the +3 plate armour of the Farmer {*Corrode rN+
                  | Str+2 Int+2}
 65067 | Elf:3    | Learned a level 7 spell: Enfeeble
 65071 | Elf:3    | Learned a level 3 spell: Dazzling Flash
 65860 | Swamp:4  | Entered Level 4 of the Swamp
 66883 | Swamp:4  | Got a decaying rune of Zot
 67064 | Swamp:4  | Reached XP level 23. HP: 112/123 MP: 36/46
 67140 | Swamp:4  | Identified the +6 halberd of Dusucs {elec, Int+4}
 67685 | Vaults:4 | Bought the ring "Raicir Zumu" {Fly rF- rC+ rN+ rCorr} for
                  | 399 gold pieces
 67916 | Depths:1 | Entered Level 1 of the Depths
 68298 | Depths:1 | Identified the +0 robe "Masirie" {rElec rCorr}
 68789 | Depths:1 | Found Roenkak's Magic Scroll Emporium.
 68808 | Depths:1 | Bought a scroll of fear for 52 gold pieces
 68808 | Depths:1 | Bought a scroll of blinking for 97 gold pieces
 68811 | Depths:1 | Found Tesy's Antique Weapon Emporium.
 68844 | Depths:1 | Identified the +4 ring mail of Lies {Contam rCorr Slay+2}
 69078 | Depths:1 | Found Big Baal Hell's Store.
 69083 | Depths:1 | Found a gateway to Hell.
 69192 | Depths:2 | Noticed Vv
 69208 | Depths:2 | Killed Vv
 69218 | Depths:2 | HP: 4/117 [spriggan berserker/+1 quarterstaff of draining
                  | (37)]
 69218 | Depths:2 | Slain by a spriggan berserker

Illustrated notes

Levels and vault maps discovered:
D:1:      minmay_arrival_cross, layout_basic
D:2:      wander_river, layout_basic, basic_ecumenical_altar
D:3:      layout_basic, nicolae_uskayaw_en_pointe,
          mainiacjoe_overflow_large_starburst, minmay_misc_feat_tower
D:4:      layout_loops_ring, cheibrodos_sewer_entry_sluice,
          gammafunk_ghost_nasty_kobolds, uniq_edmund
D:5:      layout_loops_ring, mainiacjoe_overflow_paths, jmf_multi_god_temple,
          grunt_ministairs_2, uniq_duvessa
D:6:      layout_loops_ring, minmay_misc_feat_iff, serial_park_tiny_2
D:7:      cheibrodos_grave_circle, layout_loops_ring,
          nicolae_qazlal_style_of_elements, tso_oasis_becter,
          minmay_temple_entry_proselytizer, uniq_pikel, uniq_joseph
D:8:      layout_basic
D:9:      cheibrodos_iron_armory, layout_loops_ring,
          mainiacjoe_overflow_boulevard, serial_shops,
          nicolae_shop_bloodbath_and_beyond, gammafunk_ghost_cemetery,
          nicolae_transporter_intersection
D:10:     layout_rooms, mainiacjoe_overflow_chevrons,
          mainiacjoe_overflow_tiny_flanked, uniq_harold
D:11:     layout_cave_pools, david_lair_generic, david_orc_2,
          kennysheep_generic_room_6, uniq_fannar, uniq_grum
D:12:     minmay_coctagon, layout_basic, serial_shops,
          nicolae_shop_behind_doors, nicolae_shop_statue_plus,
          ebering_ghost_funeral_grove
D:13:     layout_gridville, skrybe_vaults_entry_preservation,
          cheibriados_altar_1, uniq_lodul
D:14:     layout_big_octagon, gauntlet_entry_generic, good_gods_temple_1,
          minmay_evil_grid, uniq_kirke
D:15:     grunt_enter_depths_snipers, layout_stronghold
Temple:   minmay_temple_curvy_loop
Lair:1:   layout_small_grid, serial_rivers, chequers_serial_rivers_micro_b,
          chequers_serial_rivers_small_3, chequers_serial_rivers_micro_c,
          chequers_serial_rivers_small_a, chequers_serial_rivers_small_3,
          chequers_serial_rivers_small_a, infiniplex_staircase_pool
Lair:2:   layout_chaotic_city, swamp_mist, guppyfry_snake_entry_island,
          cheibrodos_lair_reptile_den, uniq_sonja, uniq_prince_ribbit2
Lair:3:   layout_gridlike, portal_ice_cave_demonic_guard, basic_altar,
          grunt_megastairs_3, serial_bayou_shore_b, uniq_nessos
Lair:4:   layout_regular_city, nicolae_slime_entry_slimehenge,
          chequers_serial_rivers_small_a
Lair:5:   minmay_lair_end_enchanted_forest, layout_regular_city
Swamp:1:  layout_basic_swamp, evilmike_swamp_ruin_house_4, swamp_pool2
Swamp:2:  layout_basic_swamp, evilmike_swamp_ruin_rubble_1, st_swamp_ruins_1
Swamp:3:  layout_basic_swamp, nicolae_swamp_some_circles
Swamp:4:  swamp_icy, layout_basic_swamp, swamp_pool4
Snake:1:  nicolae_snake_nest, layout_layer_cave, serial_shops,
          nicolae_shop_crystal, shop_coins, nicolae_take_the_stairs,
          lemuel_fruit_tree, uniq_aizul
Snake:2:  layout_onion_interference, special_room, uniq_roxanne, uniq_vashnia,
          uniq_agnes
Snake:3:  layout_onion, serial_shops, nicolae_shop_crystal, shop,
          nicolae_snake_yet_another_twisty_hallway
Snake:4:  johnstein_snake_rune_scales, layout_misc_corridors,
          nicolae_snake_snakes_in_the_grass
Orc:1:    layout_diamond_mine, nicolae_volcano_entry_two_sided, basic_altar,
          lightli_orcish_oven
Orc:2:    hellmonk_orc_salted, layout_diamond_mine
Elf:1:    minmay_elf_arrival_plus, layout_geoelf_diagonals, evilmike_minifort,
          minivault_20
Elf:2:    elven_hall_of_blades_hangedman_original [mumra_blade_entry_dagger],
          layout_loops_cross, gammafunk_ghost_fury_of_okawaru,
          nicolae_shop_self_help
Elf:3:    minmay_elf_hall_curves, layout_rooms,
          lightli_enter_wizlab_magi_temple, serial_sigils,
          serial_sigils_hangedman_etch, serial_sigils_hangedman_clutch,
          serial_sigils_hangedman_leer, serial_sigils_hangedman_gut,
          serial_sigils_hangedman_quiver, minmay_elf_necromancy, uniq_donald
Vaults:1: nicolae_vaults_circle_grid_a, v_alt_pattern_6,
          nicolae_vaults_asterisk, v_rooms_5, nicolae_vaults_shelves_hall,
          v_misc_8, grunt_vaults_hallway_long, nicolae_vaults_little_squares_3,
          vaults_room_grunt_arrival_ludios, vaults_dpeg_diagonal,
          layout_vaults_big_room, serial_shops, shop
Vaults:2: v_pattern_2, vaults_mumra_hex, v_misc_2, v_alt_pattern_4,
          ontoclasm_vaults_pinch, nicolae_vaults_little_ls, v_misc_19,
          vaults_dpeg_cross, layout_vaults_omnigrid, uniq_saint_roka,
          uniq_asterion
Vaults:3: vaults_mumra_chevron_long, v_misc_28, nicolae_vaults_little_squares_3,
          hangedman_vaults_pinch, minmay_guarded_unrand_guard_vaults,
          nicolae_vaults_border_crossing, minmay_crypt_entry_skeletal_spiral,
          v_rooms_4, vaults_dpeg_doors, ontoclasm_vaults_shuriken,
          grunt_vaults_diagonal, grunt_vaults_funnel, v_misc_25,
          nicolae_vaults_three_branches, vaults_room_semicircle,
          layout_vaults_omnicross
Vaults:4: v_rooms_6, nicolae_vaults_display_case, ontoclasm_vaults_twist,
          serial_ice_m, ontoclasm_vaults_tryst, v_misc_8, v_rooms_1,
          hangedman_vaults_trim, hangedman_vaults_restitches,
          vaults_mumra_hexcomb, ontoclasm_vaults_loading_screen,
          layout_vaults_maze_snakey, serial_shops, nicolae_diamond_shop,
          shop_fountains, nicolae_shop_hallway_plus,
          nicolae_shop_advertising_works [nicolae_subvault_shop_adworks], shop
Vaults:5
Depths:1: layout_gridlike, nicolae_hell_entry_big_baal_hell,
          wad_floor_pattern_2, minmay_tree_intersection,
          kennysheep_inner_square, serial_bayou_shore_b, minmay_shop_star,
          firewood_loft, serial_bayou_shore_b
Depths:2: minmay_the_grid_triangle_9x9_rhombus_thin
          [minmay_the_grid_triangle_9x9_zippers_vertical,
          minmay_the_grid_triangle_9x9_prize_special,
          minmay_the_grid_triangle_9x9_longest,
          minmay_the_grid_triangle_9x9_pentomino_pain], layout_basic,
          kennysheep_big_empty_room, hangedman_geh_valley, pan_entry,
          kennysheep_decorative_pillar, minmay_staircase_statues,
          minmay_shop_grove, uniq_josephina, uniq_nikola, uniq_vv

Skill      XL: |  1  2  3  4  5  6  7  8  9 10 11 12 13 14 15 16 17 18 19 20 21 22 23 |
---------------+----------------------------------------------------------------------+-----
Stealth        | 1 2 3 4 5 6 7 8 9 11 13 14 16 17 18 19 20 21 | 21.4
Fighting       | 2 3 4 5 6 7 8 9 10 11 12 13 14 | 14.1
Spellcasting   | 3 4 5 6 7 8 9 10 12 13 15 16 17 18 19 | 19.1
Translocations | 5 6 7 8 9 |  9.0
Short Blades   | 3 4 5 6 7 9 10 11 12 13 14 15 16 | 16.1
Hexes          | 1 3 4 6 7 9 10 11 12 13 15 17 19 20 21 | 21.7
Dodging        | 4 6 7 9 10 12 13 14 15 16 17 18 20 21 | 21.0
Ice Magic      | 2 |  2.0
Invocations    | 2 4 6 7 8 10 11 12 | 12.2
Armour         | 4 6 8 9 |  9.6
Evocations     | 2 4 |  4.2
Transmutations | 2 4 |  4.3
Throwing       | |  1.0

Action                   |  1- 3 |  4- 6 |  7- 9 | 10-12 | 13-15 | 16-18 | 19-21 | 22-24 || total
-------------------------+-------+-------+-------+-------+-------+-------+-------+-------++-------
Melee: Short sword       |   131 |   226 |   272 |   783 |   817 |   620 |   462 |    56 ||  3367
       Punch             |     1 |     2 |     7 |     6 |       |       |       |       ||    16
       Dagger            |       |       |   284 |       |       |       |       |   255 ||   539
Throw: Dart              |    34 |    55 |    27 |     2 |       |       |       |       ||   118
       Boomerang         |     5 |     2 |       |       |       |       |       |       ||     7
       Throwing net      |       |       |       |       |       |     3 |       |       ||     3
 Cast: Blink             |     1 |       |     2 |     3 |     2 |     6 |       |       ||    14
       Ensorcelled Hiber |       |       |    49 |   216 |   240 |   297 |   100 |    49 ||   951
       Lesser Beckoning  |       |       |     2 |       |       |       |       |       ||     2
       Cause Fear        |       |       |     1 |     9 |       |     2 |       |       ||    12
       Teleport Other    |       |       |       |    14 |       |     1 |     1 |     1 ||    17
       Confusing Touch   |       |       |       |     2 |    82 |    46 |    51 |    34 ||   215
       Slow              |       |       |       |       |     3 |       |       |       ||     3
       Discord           |       |       |       |       |       |    41 |    60 |    25 ||   126
       Enfeeble          |       |       |       |       |       |       |       |    15 ||    15
       Dazzling Flash    |       |       |       |       |       |       |       |     2 ||     2
Evoke: Wand              |       |       |     4 |       |       |     1 |       |       ||     5
  Use: Scroll            |     5 |     6 |     8 |    12 |     8 |     2 |     7 |     5 ||    53
       Potion            |       |     2 |     5 |     5 |     1 |     6 |     6 |     2 ||    27
 Stab: Sleeping          |     1 |     9 |    34 |   131 |   283 |   278 |   121 |    59 ||   916
       Distracted        |       |       |     2 |     2 |     1 |     6 |     2 |       ||    13
       Confused          |       |       |       |       |    74 |    29 |    60 |    27 ||   190
       Invisible         |       |       |       |       |       |       |       |    11 ||    11
Armor: Robe              |    11 |    10 |    14 |       |    46 |    24 |     1 |       ||   106
       Skin              |       |       |    27 |       |       |       |       |       ||    27
       Steam dragon scal |       |       |    27 |    76 |    12 |       |       |       ||   115
       Acid dragon scale |       |       |       |       |       |       |    37 |    26 ||    63
Dodge: Dodged            |    87 |   152 |   377 |   734 |  1006 |   820 |   498 |   419 ||  4093
       Repelled          |       |       |       |       |     8 |    33 |       |       ||    41
Block: Other             |       |       |       |     2 |       |       |       |       ||     2
       Reflection        |       |       |       |     2 |       |       |       |       ||     2

Table legend: (Time is in decaauts)
 A = Elapsed time spent in this place.
 B = Non-inter-level travel time spent in this place.
 C = Inter-level travel time spent in this place.
 D = Time resting spent in this place.
 E = Time spent auto-exploring this place.
 F = Levels seen in this place.
 G = Mean time per level.
                   A        B        C        D        E       F      G
               +--------+--------+--------+--------+--------+-----+--------+
         Total |  53143 |  50402 |   2741 |  16682 |  19858 |  44 | 1207.8 |
       Dungeon |  20320 |  19180 |   1140 |   6931 |   6037 |  15 | 1354.7 |
        Temple |     85 |     78 |      7 |      0 |     71 |   1 |   85.0 |
          Lair |   5521 |   5154 |    367 |   1137 |   2936 |   5 | 1104.2 |
         Swamp |   3589 |   3403 |    186 |    805 |   1576 |   4 |  897.2 |
     Snake Pit |   6343 |   6235 |    108 |   2663 |   2119 |   4 | 1585.8 |
  Orcish Mines |   2425 |   2173 |    252 |    614 |    976 |   2 | 1212.5 |
   Elven Halls |   3028 |   2857 |    171 |    969 |    928 |   3 | 1009.3 |
        Vaults |   8847 |   8353 |    494 |   2426 |   4189 |   5 | 1769.4 |
        Depths |    918 |    905 |     13 |     15 |    651 |   2 |  459.0 |
         Sewer |    425 |    425 |      0 |    298 |      0 |   1 |  425.0 |
      Ice Cave |   1217 |   1217 |      0 |    693 |    237 |   1 | 1217.0 |
        Wizlab |    419 |    419 |      0 |    129 |    136 |   1 |  419.0 |
               +--------+--------+--------+--------+--------+-----+--------+

Top non-repeatable levels by time:
     D:6: 3196 daAuts
Vaults:4: 2333 daAuts
     D:7: 2274 daAuts
     D:8: 2177 daAuts
 Snake:1: 2151 daAuts
Vaults:3: 1945 daAuts
Vaults:2: 1668 daAuts
 Snake:4: 1662 daAuts
  Lair:5: 1583 daAuts
   Elf:3: 1568 daAuts
    D:11: 1531 daAuts
   Orc:2: 1510 daAuts
    D:13: 1480 daAuts
Vaults:1: 1458 daAuts
Vaults:5: 1442 daAuts
